 Dungeon Crawl Stone Soup version 0.20.0-15-g7f486f2 (console) character file.

57 removed the Grave Robber (level 3, 0/16 HPs)
             Began as a Spriggan Necromancer on June 10, 2017.
             Succumbed to an adder's poison
             ... on level 2 of the Dungeon.
             The game lasted 00:02:19 (2152 turns).

removed the Grave Robber (Spriggan Necromancer)     Turns: 2152, Time: 00:02:19

Health: 0/16       AC:  2    Str:  4    XL:     3   Next: 73%
Magic:  1/9        EV: 18    Int: 17    God:
Gold:   87         SH:  0    Dex: 18    Spells: 8/9 levels left

rFire    . . .     SeeInvis +   a - +2 whip (elec)
rCold    . . .     Gourm    .   (shield restricted)
rNeg     . . .     Faith    .   k - +0 robe
rPois    .         Spirit   .   (helmet restricted)
rElec    .         Reflect  .   (no cloak)
rCorr    .         Harm     .   (gloves unavailable)
MR       .....                  (boots unavailable)
Stlth    ++........             (no amulet)
Regen    0.1/turn               f - +2 ring of dexterity
MPRegen  0.2/turn               (no ring)

@: lethally poisoned (0 -> -8), very quick
A: unfitting armour, see invisible, herbivore 3, speed 3, slow metabolism 2
a: no special abilities


You were on level 2 of the Dungeon.
You were not hungry.

You visited 1 branch of the dungeon, and saw 2 of its levels.

You collected 87 gold pieces.

Inventory:

Hand Weapons
 a - a +2 whip of electrocution (weapon)
Armour
 k - a +0 robe (worn)
Jewellery
 f - a +2 ring of dexterity (left hand)
Scrolls
 e - a scroll of fog {unknown}
 g - a scroll of noise {unknown}
 h - a scroll of identify {unknown}
Potions
 d - a potion of might {unknown}
 i - a potion of heal wounds {unknown}
 j - a potion of curing {unknown}
 l - a potion of magic {unknown}
Books
 b - a book of Necromancy

   Spells                             Type                      Level
   a - Pain                           Necromancy                   1
   b - Animate Skeleton               Necromancy                   1
   c - Vampiric Draining              Necromancy                   3
   d - Regeneration                   Charms/Necromancy            3
   e - Animate Dead                   Necromancy                   4
   f - Control Undead                 Necromancy                   4
Comestibles
 c - 3 bread rations


   Skills:
 - Level 3.0 Dodging
 - Level 3.0 Stealth
 + Level 3.9 Spellcasting
 + Level 4.4 Necromancy


You had 8 spell levels left.
You knew the following spells:

 Your Spells              Type           Power        Failure   Level  Hunger
a - Pain                  Necr           ###.         2%          1    None


Dungeon Overview and Level Annotations

Branches:
Dungeon (2/15)

Altars:
Elyvilon


Innate Abilities, Weirdness & Mutations

You are very small and have problems with some larger weapons.
You are too small for most types of armour.
You have supernaturally acute eyesight. (SInv)
You are a herbivore.
You cover ground extremely quickly.
You need consume almost no food.


Message History

Press: ? - help, Shift-Dir - straight line, f/p - adder
Aim: an adder (heavily wounded, chance to defeat MR: 84%)
The adder writhes in agony!
The adder closely misses you.
Casting: Pain
Confirm with . or Enter, or press ? or * to list all spells.
Aiming: Pain
Press: ? - help, Shift-Dir - straight line, f/p - adder
Aim: an adder (severely wounded, chance to defeat MR: 84%)
The adder barely resists.
The adder bites you.
* * * LOW HITPOINT WARNING * * *
You are lethally poisoned!
The adder poisons you! The adder bites you.
* * * LOW HITPOINT WARNING * * *
Casting: Pain
Confirm with . or Enter, or press ? or * to list all spells.
Aiming: Pain
Press: ? - help, Shift-Dir - straight line, f/p - adder
Aim: an adder (severely wounded, chance to defeat MR: 84%)
The adder barely resists.
You die...

#.≈≈≈≈≈..#
#.≈≈≈≈≈..#
#.≈≈≈≈≈..#
##...≈≈...#
#..#....#.##
######.#######..#
#......# ##.##
#......# #..#
........# ##@#
........... #S#
...........# #.#
...........# #..
.†......#### ##..
#####...# ..#
........# #.#
.....### >#
.....# ##


You could see an adder.

Vanquished Creatures
  An adder (D:2)
  An ooze (D:2)
  A worm (D:2)
  3 giant cockroaches (D:2)
  7 goblins
  A hobgoblin (D:1)
  2 jackals (D:2)
  2 quokkas (D:2)
  4 bats
  6 frilled lizards (D:2)
  7 kobolds
  2 rats
37 creatures vanquished.

Notes
Turn   | Place    | Note
-------+----------+-------------------------------------------
     0 | D:1      | removed the Spriggan Necromancer began the quest for the Orb.
     0 | D:1      | Reached XP level 1. HP: 9/9 MP: 5/5
   831 | D:1      | Reached XP level 2. HP: 13/13 MP: 5/7
   907 | D:1      | Reached skill level 4 in Necromancy
  1304 | D:2      | Reached XP level 3. HP: 11/16 MP: 1/8
  1570 | D:2      | Found a white marble altar of Elyvilon.
  2152 | D:2      | Succumbed to an adder's poison

Skill      XL: |  1  2 |
---------------+-------+-----
Spellcasting   | 3 |  3.9
Necromancy     | 4 |  4.4
Dodging        | |  3.0
Stealth        | |  3.0

Action                   || total
-------------------------++-------
Melee: Whip              ||     1
 Cast: Pain              ||    73
Armor: Robe              ||     1
Dodge: Dodged            ||    14
